| TOP OF THE 1ST |
|
West Michigan Whitecaps batting - Pitching for Charleston RiverDogs : RHP John Robidoux
|
|
Pitching: RHP John Robidoux
|
|
|
Batting: LHB Jeff Trapp
|
0-0: Swinging Strike 0-1: Ball 1-1: Foul Ball, location: 2F 1-2: Foul Ball, location: 2F 1-2: Ball 2-2: Ball 3-2: Ground out 4-3 (Groundball, 4, EV 88.8 MPH)
|
|
Batting: RHB Aaron Cusick
|
0-0: Ball 1-0: Ball 2-0: Swinging Strike 2-1: Foul Ball, location: 2F 2-2: Ground out 5-3 (Groundball, 5, EV 84.4 MPH)
|
|
Batting: RHB Dan Becvar
|
0-0: Ground out 6-3 (Groundball, 6, EV 104.4 MPH)
|
| Top of the 1st over - 0 runs, 0 hits, 0 errors, 0 left on base; West Michigan 0 - Charleston 0 |
| BOTTOM OF THE 1ST |
|
Charleston RiverDogs batting - Pitching for West Michigan Whitecaps : RHP Ricky Tercero
|
|
Pitching: RHP Ricky Tercero
|
|
|
Batting: RHB Miguel Leal
|
0-0: Foul Ball, location: 2F 0-1: Ball 1-1: Foul Ball, location: 2F 1-2: Ball 2-2: Ball 3-2: Base on Balls
|
|
Batting: SHB Blake Abbott
|
0-0: Called Strike 0-1: Ball 1-1: Fly out, F9 (Flyball, 89S, EV 90.6 MPH)
|
|
Batting: RHB James Boynton
|
0-0: Ball 1-0: Foul Ball, location: 2F 1-1: Ball 2-1: Swinging Strike 2-2: SINGLE (Groundball, P, EV 82.5 MPH) (infield hit) Miguel Leal to second
|
|
Batting: RHB Tim Nordahl
|
0-0: Called Strike 0-1: Ball Miguel Leal steals 3rd base 1-1: Ball 2-1: Swinging Strike 2-2: Foul Ball, location: 2F 2-2: Ball 3-2: Strikes out swinging James Boynton steals 2nd, throwing error, E2 Miguel Leal scores James Boynton to third
|
|
Batting: SHB Mike Goad
|
0-0: Called Strike 0-1: Ball 1-1: Ball 2-1: Foul Ball, location: 2F 2-2: Foul Ball, location: 2F 2-2: DOUBLE (Flyball, 8RXD, EV 115.0 MPH) James Boynton scores
|
|
Batting: RHB Brandon Lemay
|
0-0: Ball 1-0: Ground out 6-3 (Groundball, 6, EV 80.6 MPH)
|
| Bottom of the 1st over - 2 runs, 2 hits, 1 error, 1 left on base; West Michigan 0 - Charleston 2 |
| TOP OF THE 2ND |
|
West Michigan Whitecaps batting - Pitching for Charleston RiverDogs : RHP John Robidoux
|
|
Batting: RHB Bill Cabrera
|
0-0: Ball 1-0: Foul Ball, location: 2F 1-1: Swinging Strike 1-2: Ball 2-2: Ball 3-2: Ground out U3 (Groundball, 3S, EV 86.3 MPH)
|
|
Batting: RHB Jon Pierce
|
0-0: Called Strike 0-1: Foul Ball, location: 2F 0-2: Ball 1-2: Ball 2-2: Strikes out swinging
|
|
Batting: RHB Sergio Valbuena
|
0-0: Called Strike 0-1: Ball 1-1: Fly out, F8 (Flyball, 8LXD, EV 105.6 MPH)
|
| Top of the 2nd over - 0 runs, 0 hits, 0 errors, 0 left on base; West Michigan 0 - Charleston 2 |
| BOTTOM OF THE 2ND |
|
Charleston RiverDogs batting - Pitching for West Michigan Whitecaps : RHP Ricky Tercero
|
|
Batting: RHB Herb Craig
|
0-0: Called Strike 0-1: Foul Ball, location: 2F 0-2: Reached on error, E6 (Groundball, 6, EV 81.3 MPH)
|
|
Batting: RHB Riley Nasiir
|
0-0: Called Strike 0-1: Ball 1-1: Ball 2-1: Ball 3-1: Fly out, F9 (Flyball, 9LD, EV 89.4 MPH)
|
|
Batting: RHB Carlos Guadarrama
|
0-0: Called Strike 0-1: Called Strike 0-2: Strikes out looking
|
|
Batting: RHB Miguel Leal
|
0-0: SINGLE (Groundball, 5D, EV 100.6 MPH) Herb Craig to second
|
|
Batting: SHB Blake Abbott
|
0-0: Ground out 1-3 (Groundball, 15S, EV 74.4 MPH)
|
| Bottom of the 2nd over - 0 runs, 1 hit, 1 error, 2 left on base; West Michigan 0 - Charleston 2 |
| TOP OF THE 3RD |
|
West Michigan Whitecaps batting - Pitching for Charleston RiverDogs : RHP John Robidoux
|
|
Batting: RHB Rocky Hart
|
0-0: Foul Ball, location: 2F 0-1: Swinging Strike 0-2: Ball 1-2: Strikes out swinging
|
|
Batting: RHB John Welch
|
0-0: Fly out, F8 (Flyball, 8RM, EV 77.5 MPH)
|
|
Batting: RHB Travis Newton
|
0-0: Called Strike 0-1: Ball 1-1: Ball 2-1: Ball 3-1: Base on Balls
|
|
Batting: LHB Jeff Trapp
|
0-0: Ball 1-0: Foul Ball, location: 2F 1-1: Swinging Strike 1-2: Strikes out swinging
|
| Top of the 3rd over - 0 runs, 0 hits, 0 errors, 1 left on base; West Michigan 0 - Charleston 2 |
| BOTTOM OF THE 3RD |
|
Charleston RiverDogs batting - Pitching for West Michigan Whitecaps : RHP Ricky Tercero
|
|
Batting: RHB James Boynton
|
0-0: Ball 1-0: Swinging Strike 1-1: Ball 2-1: Swinging Strike 2-2: Ball 3-2: Base on Balls
|
|
Batting: RHB Tim Nordahl
|
0-0: Ball 1-0: Ball 2-0: Ball 3-0: Called Strike 3-1: Base on Balls James Boynton to second
|
|
Batting: SHB Mike Goad
|
0-0: Swinging Strike 0-1: Swinging Strike 0-2: Foul Ball, location: 2F 0-2: Strikes out swinging
|
|
Batting: RHB Brandon Lemay
|
0-0: Fly out, F6 (Popup, 6M, EV 51.9 MPH)
|
|
Batting: RHB Herb Craig
|
0-0: Foul Ball, location: 2F 0-1: Ground out U3 (Groundball, 34, EV 75.6 MPH)
|
| Bottom of the 3rd over - 0 runs, 0 hits, 0 errors, 2 left on base; West Michigan 0 - Charleston 2 |
| TOP OF THE 4TH |
|
West Michigan Whitecaps batting - Pitching for Charleston RiverDogs : RHP John Robidoux
|
|
Batting: RHB Aaron Cusick
|
0-0: Fly out, F7 (Flyball, 7LS, EV 91.9 MPH)
|
|
Batting: RHB Dan Becvar
|
0-0: Ball 1-0: Swinging Strike 1-1: Ball 2-1: Foul Ball, location: 2F 2-2: Fly out, F7 (Flyball, 7, EV 86.9 MPH)
|
|
Batting: RHB Bill Cabrera
|
0-0: Called Strike 0-1: Foul Ball, location: 2F 0-2: Ball 1-2: Fly out, F8 (Flyball, 8RD, EV 103.1 MPH)
|
| Top of the 4th over - 0 runs, 0 hits, 0 errors, 0 left on base; West Michigan 0 - Charleston 2 |
| BOTTOM OF THE 4TH |
|
Charleston RiverDogs batting - Pitching for West Michigan Whitecaps : RHP Ricky Tercero
|
|
Batting: RHB Riley Nasiir
|
0-0: Hit by Pitch
|
|
Batting: RHB Carlos Guadarrama
|
0-0: Ball 1-0: Ball 2-0: Called Strike 2-1: SINGLE (Groundball, 6D, EV 98.8 MPH) Riley Nasiir to second
|
|
Batting: RHB Miguel Leal
|
0-0: Called Strike Riley Nasiir steals 3rd base 0-1: Ball 1-1: Called Strike 1-2: SINGLE (Groundball, 56S, EV 63.1 MPH) (infield hit) Riley Nasiir scores Carlos Guadarrama to second
|
|
Batting: SHB Blake Abbott
|
0-0: Ball 1-0: Called Strike 1-1: Ball 2-1: Foul Ball, location: 2F 2-2: Ball 3-2: Base on Balls Carlos Guadarrama to third Miguel Leal to second
|
|
Batting: RHB James Boynton
|
0-0: Ball 1-0: Ball 2-0: Ball 3-0: Base on Balls Carlos Guadarrama scores Miguel Leal to third Blake Abbott to second
|
|
Batting: RHB Tim Nordahl
|
0-0: Called Strike 0-1: Swinging Strike 0-2: Ball 1-2: Strikes out swinging
|
|
Pitching: RHP Bobby Kosmicki
|
|
|
Batting: SHB Mike Goad
|
0-0: Swinging Strike 0-1: DOUBLE (Line Drive, 8RXD, EV 107.5 MPH) Miguel Leal scores Blake Abbott scores James Boynton to third
|
|
Batting: RHB Brandon Lemay
|
0-0: Ball 1-0: Swinging Strike 1-1: Ground out 6-3 (Groundball, 6, EV 85.0 MPH) James Boynton scores Mike Goad to third
|
|
Batting: RHB Herb Craig
|
0-0: Ball 1-0: Foul Ball, location: 2F 1-1: Ball 2-1: Ball 3-1: SINGLE (Groundball, 5D, EV 98.8 MPH) Mike Goad scores
|
|
Batting: RHB Riley Nasiir
|
0-0: Called Strike 0-1: Ball 1-1: Ground out 4-3 (Groundball, 4, EV 103.1 MPH)
|
| Bottom of the 4th over - 6 runs, 4 hits, 0 errors, 1 left on base; West Michigan 0 - Charleston 8 |
| TOP OF THE 5TH |
|
West Michigan Whitecaps batting - Pitching for Charleston RiverDogs : RHP John Robidoux
|
|
Batting: RHB Jon Pierce
|
0-0: Called Strike 0-1: Foul Ball, location: 2F 0-2: Strikes out swinging
|
|
Batting: RHB Sergio Valbuena
|
0-0: Called Strike 0-1: Ground out 6-3 (Groundball, 6, EV 96.9 MPH)
|
|
Batting: RHB Rocky Hart
|
0-0: Fly out, F4 (Line Drive, 4, EV 73.8 MPH)
|
| Top of the 5th over - 0 runs, 0 hits, 0 errors, 0 left on base; West Michigan 0 - Charleston 8 |
| BOTTOM OF THE 5TH |
|
Charleston RiverDogs batting - Pitching for West Michigan Whitecaps : RHP Bobby Kosmicki
|
|
Batting: RHB Carlos Guadarrama
|
0-0: Ball 1-0: Foul Ball, location: 2F 1-1: Called Strike 1-2: Foul Ball, location: 2F 1-2: Strikes out swinging
|
|
Batting: RHB Miguel Leal
|
0-0: Called Strike 0-1: Ball 1-1: Called Strike 1-2: Ground out 5-3 (Groundball, 56S, EV 90.0 MPH)
|
|
Batting: SHB Blake Abbott
|
0-0: Called Strike 0-1: Ball 1-1: Ball 2-1: Swinging Strike 2-2: Strikes out swinging
|
| Bottom of the 5th over - 0 runs, 0 hits, 0 errors, 0 left on base; West Michigan 0 - Charleston 8 |
| TOP OF THE 6TH |
|
West Michigan Whitecaps batting - Pitching for Charleston RiverDogs : RHP John Robidoux
|
|
Batting: RHB John Welch
|
0-0: Ball 1-0: SINGLE (Groundball, 5S, EV 61.3 MPH) (infield hit)
|
|
Batting: RHB Travis Newton
|
0-0: Ball 1-0: Called Strike John Welch steals 2nd base 1-1: Ball 2-1: Called Strike 2-2: Foul Ball, location: 2F 2-2: Foul Ball, location: 2F 2-2: Foul Ball, location: 2F 2-2: Ground out 6-3 (Groundball, 6, EV 90.0 MPH) John Welch to third
|
|
Batting: LHB Jeff Trapp
|
0-0: Called Strike 0-1: Ball Wild Pitch! John Welch scores 1-1: Ball 2-1: Ball 3-1: Swinging Strike 3-2: Strikes out swinging
|
|
Batting: RHB Aaron Cusick
|
0-0: Called Strike 0-1: Foul Ball, location: 2F 0-2: Foul Ball, location: 2F 0-2: Ball 1-2: Strikes out swinging
|
| Top of the 6th over - 1 run, 1 hit, 0 errors, 0 left on base; West Michigan 1 - Charleston 8 |
| BOTTOM OF THE 6TH |
|
Charleston RiverDogs batting - Pitching for West Michigan Whitecaps : RHP Bobby Kosmicki
|
|
Batting: RHB James Boynton
|
0-0: Ball 1-0: Ball 2-0: Ball 3-0: Called Strike 3-1: Foul Ball, location: 2F 3-2: Base on Balls
|
|
Batting: RHB Tim Nordahl
|
0-0: Ball 1-0: Called Strike 1-1: Ball 2-1: DOUBLE (Line Drive, 89XD, EV 112.5 MPH) James Boynton to third
|
|
Batting: SHB Mike Goad
|
0-0: Ball 1-0: Called Strike 1-1: Ground out 6-3 (Groundball, 6, EV 104.4 MPH) James Boynton scores
|
|
Batting: RHB Brandon Lemay
|
0-0: Foul Ball, location: 2F 0-1: Called Strike 0-2: SINGLE (Groundball, 6MD, EV 105.0 MPH) Tim Nordahl to third
|
|
Pitching: RHP Cory Weinert
|
|
|
Batting: RHB Herb Craig
|
0-0: Ball 1-0: Ball 2-0: Foul Ball, location: 2F 2-1: Fielders Choice at 2nd, 6-4 (Groundball, 6, EV 83.8 MPH) Tim Nordahl scores
|
|
Batting: RHB Riley Nasiir
|
0-0: Foul Ball, location: 2F 0-1: Ball 1-1: Ground out U3 (Groundball, 3, EV 85.6 MPH)
|
| Bottom of the 6th over - 2 runs, 2 hits, 0 errors, 1 left on base; West Michigan 1 - Charleston 10 |
| TOP OF THE 7TH |
|
West Michigan Whitecaps batting - Pitching for Charleston RiverDogs : RHP John Robidoux
|
|
Batting: RHB Dan Becvar
|
0-0: Ball 1-0: Foul Ball, location: 2F 1-1: Fly out, F8 (Flyball, 8LM, EV 97.5 MPH)
|
|
Pitching: RHP William Beran
|
|
|
Batting: RHB Bill Cabrera
|
0-0: Called Strike 0-1: Ball 1-1: Fly out, F8 (Flyball, 8LD, EV 109.4 MPH)
|
|
Batting: RHB Jon Pierce
|
0-0: Ball 1-0: Ball 2-0: Ground out 4-3 (Groundball, 13, EV 83.1 MPH)
|
| Top of the 7th over - 0 runs, 0 hits, 0 errors, 0 left on base; West Michigan 1 - Charleston 10 |
| BOTTOM OF THE 7TH |
|
Charleston RiverDogs batting - Pitching for West Michigan Whitecaps : RHP Cory Weinert
|
|
Batting: RHB Carlos Guadarrama
|
0-0: Called Strike 0-1: Swinging Strike 0-2: Foul Ball, location: 2F 0-2: Ball 1-2: Strikes out swinging
|
|
Batting: RHB Miguel Leal
|
0-0: Ball 1-0: Called Strike 1-1: Foul Ball, location: 2F 1-2: Ball 2-2: Foul Ball, location: 2F 2-2: Ball 3-2: Foul Ball, location: 2F 3-2: Ground out 5-3 (Groundball, 5, EV 89.4 MPH)
|
|
Batting: SHB Blake Abbott
|
0-0: Ball 1-0: Ball 2-0: Called Strike 2-1: Foul Ball, location: 2F 2-2: Foul Ball, location: 2F 2-2: Foul Ball, location: 2F 2-2: Ball 3-2: Base on Balls
|
|
Batting: RHB James Boynton
|
0-0: Called Strike 0-1: Foul Ball, location: 2F 0-2: Foul Ball, location: 2F 0-2: Ball 1-2: SINGLE (Groundball, P, EV 85.0 MPH) (infield hit) Blake Abbott to second
|
|
Batting: RHB Tim Nordahl
|
0-0: Ball 1-0: Foul Ball, location: 2F 1-1: Called Strike 1-2: Ball 2-2: Ground out 5-3 (Groundball, 56S, EV 69.4 MPH)
|
| Bottom of the 7th over - 0 runs, 1 hit, 0 errors, 2 left on base; West Michigan 1 - Charleston 10 |
| TOP OF THE 8TH |
|
West Michigan Whitecaps batting - Pitching for Charleston RiverDogs : RHP William Beran
|
|
Batting: RHB Sergio Valbuena
|
0-0: Called Strike 0-1: Foul Ball, location: 2F 0-2: Strikes out swinging
|
|
Batting: RHB Rocky Hart
|
0-0: Foul Ball, location: 2F 0-1: Foul Ball, location: 2F 0-2: Strikes out looking
|
|
Batting: RHB John Welch
|
0-0: SINGLE (Groundball, 6MD, EV 103.8 MPH)
|
|
Pinch Hitting: RHB Jamie Bass
|
0-0: Ball 1-0: Swinging Strike 1-1: Fielders Choice at 2nd, 6-4 (Groundball, 6, EV 95.0 MPH)
|
| Top of the 8th over - 0 runs, 1 hit, 0 errors, 1 left on base; West Michigan 1 - Charleston 10 |
| BOTTOM OF THE 8TH |
|
Charleston RiverDogs batting - Pitching for West Michigan Whitecaps : RHP Cory Weinert
|
|
Pitching: RHP Luke Totzke
|
|
|
Now at 2B: Jamie Bass
|
|
|
Batting: SHB Mike Goad
|
0-0: Ball 1-0: Ball 2-0: Ball 3-0: Swinging Strike 3-1: Base on Balls
|
|
Batting: RHB Brandon Lemay
|
0-0: Ball Wild Pitch! Mike Goad to second 1-0: Swinging Strike 1-1: Called Strike 1-2: Strikes out swinging
|
|
Pinch Hitting: LHB Eddie Ramirez
|
0-0: Called Strike 0-1: Foul Ball, location: 2F 0-2: Ground out U3 (Groundball, 34, EV 81.9 MPH) Mike Goad to third
|
|
Batting: RHB Riley Nasiir
|
0-0: Foul Ball, location: 2F 0-1: Swinging Strike 0-2: Strikes out swinging
|
| Bottom of the 8th over - 0 runs, 0 hits, 0 errors, 1 left on base; West Michigan 1 - Charleston 10 |
| TOP OF THE 9TH |
|
West Michigan Whitecaps batting - Pitching for Charleston RiverDogs : RHP William Beran
|
|
Now at 2B: Eddie Ramirez
|
|
|
Batting: LHB Jeff Trapp
|
0-0: Called Strike 0-1: Called Strike 0-2: Fly out, F3 (Popup, 34S, EV 71.3 MPH)
|
|
Batting: RHB Aaron Cusick
|
0-0: Swinging Strike 0-1: Swinging Strike 0-2: Ball 1-2: Foul Ball, location: 2F 1-2: Ground out 1-3 (Groundball, 25, EV 69.4 MPH)
|
|
Batting: RHB Dan Becvar
|
0-0: Ball 1-0: Swinging Strike 1-1: Ball 2-1: Foul Ball, location: 2F 2-2: Ball 3-2: Foul Ball, location: 2F 3-2: Foul Ball, location: 2F 3-2: Ground out 5-3 (Groundball, 56, EV 92.5 MPH)
|
| Top of the 9th over - 0 runs, 0 hits, 0 errors, 0 left on base; West Michigan 1 - Charleston 10 |
|